 Dungeon Crawl Stone Soup version 0.14-a0-2950-gbe29d66 (webtiles) character file.

5429 Kae the Spear-Bearer (level 10, -5/80 HPs)
             Began as a Naga Gladiator on Mar 4, 2014.
             Was an Elder of Cheibriados.
             Slain by a hill giant
             ... wielding a +0,+0 giant spiked club
              (38 damage)
             ... on Level 9 of the Dungeon.
             The game lasted 00:31:27 (15121 turns).

Kae the Spear-Bearer (Naga Gladiator)              Turns: 15121, Time: 00:31:28

HP  -5/80        AC  8     Str 33      XL: 10   Next: 48%
MP  12/20        EV 11     Int 17      God: Cheibriados [****..]
Gold 611         SH  0     Dex 20      Spells:  0 memorised,  9 levels left

rFire  + . .     SeeInvis +     a - +1,+0 trident
rCold  . . .     Clarity  .     b - +0 leather armour
rNeg   . . .     Conserve .     (no shield)
rPois  +         rCorr    .     B - +1 helmet of the Untouchables {rF+ Str+2 SInv}
rElec  .         rRot     .     g - +0 cloak
SustAb . .       Spirit   .     (no gloves)
rMut   .         Warding  .     (no barding)
Saprov . . .     Stasis   .     (no amulet)
MR     +....                    (no ring)
                                A - cursed ring of wizardry

@: short of breath, very slow, somewhat resistant to hostile enchantments,
unstealthy
A: spit poison, see invisible, deformed body, poison resistance, slowness 2, AC
+3
a: Spit Poison, Bend Time, Temporal Distortion, Slouch, Renounce Religion


You were on level 9 of the Dungeon.
You worshipped Cheibriados.
Cheibriados was greatly pleased with you.
You were hungry.

You visited 2 branches of the dungeon, and saw 10 of its levels.
You also visited: Ossuary.

You collected 611 gold pieces.

Inventory:

Hand weapons
 a - a +1,+0 trident (weapon)
 y - a +0,-2 trident
Armour
 b - a +0 leather armour (worn)
 c - a +0 helmet
 g - a +0 cloak (worn)
 B - the +1 helmet of the Untouchables (worn) {rF+ Str+2 SInv}
   (You found it on level 7 of the Dungeon)

   It affects your strength (+2).
   It protects you from fire.
   It enhances your eyesight.
Magical devices
 v - a wand of confusion (7)
Comestibles
 d - a choko
 f - 6 bread rations
 o - an apple
 s - 4 chunks of goliath beetle flesh
 t - 4 meat rations
 C - 16 cheeses
Scrolls
 e - 6 scrolls of remove curse
 i - a scroll of enchant weapon II
 l - a scroll of blinking
 m - a scroll of amnesia
 n - 3 scrolls of recharging
 u - a scroll of enchant weapon I
Jewellery
 q - an uncursed ring of teleportation
 r - an uncursed ring of wizardry
 A - a cursed ring of wizardry (left hand)
Potions
 h - a potion of agility {unknown}
 j - 2 potions of curing
 k - 3 potions of brilliance
 p - a potion of heal wounds
 w - a potion of restore abilities {unknown}
 z - a potion of beneficial mutation {unknown}


   Skills:
 - Level 2.0 Fighting
 + Level 13.4 Polearms
 - Level 1.7 Throwing
 + Level 2.4 Armour
 - Level 2.4 Dodging
 * Level 6.0 Invocations


You had 9 spell levels left.
You didn't know any spells.

Dungeon Overview and Level Annotations

Branches:
Dungeon (9/16)             Temple (1/1) D:6            Lair (0/8) D:9
    Orc: D:9-12

Altars:
Ashenzari
Cheibriados
Dithmenos
Elyvilon
Fedhas
Kikubaaqudgha
Makhleb
Nemelex Xobeh
Okawaru
Sif Muna
Trog
Vehumet
Xom
Yredelemnul
Zin
The Shining One

Annotations:
D:5 1 exclusion
D:9 exclusion: hill giant


Innate Abilities, Weirdness & Mutations

You cannot wear boots.
You can spit poison.
Your serpentine skin is tough (AC +3).
You have supernaturally acute eyesight.
Armour fits poorly on your strangely shaped body.
Your system is resistant to poisons.
You cover ground very slowly.


Message History

Evoke which item? (* to show all) (? for menu, Esc to quit)
Zapping:
v - a wand of confusion {zapped: 4}
Press: ? - help, Shift-Dir - straight line, f/p - hill giant
Aim: a hill giant, wielding a giant spiked club The hill giant easily resists.
The hill giant hits you with a giant spiked club!
Drink which item? (? for menu, Esc to quit)
Okay, then.
Use which ability? (? or * to list)
You can feel time thicken for a moment.
You feel somewhat more hungry.
Cheibriados reduces the support of your attributes as your movement quickens.
The hill giant hits you with a giant spiked club!
Use which ability? (? or * to list)
The flow of time bends around you.
Cheibriados rebukes the hill giant.
The hill giant seems to slow down.
You feel slightly more hungry.
You hit the hill giant.
The hill giant is heavily wounded.
The hill giant hits you with a giant spiked club!
You die...

##.........# # ##.........#
######.....# ######
....##.....###..##...##
....#....#............#
....#.##...### #....#.
....#.####.#.#####.##.#.#####
.........).......C.......>....
.####.####....##@#######.######
#####).....#....#.............#
........<#.#....#......#..#...# .
#..#####........#..###(#......#..
<.)......#.##.###....#.#......(..
.######.#....##.(.##.#.#.#.......
..# #..#.## ###.#.........#....
..## #..#.# #......###.#....#
#..## #.##.######.#..#.#.#.#.#.##


You could see a hill giant.

Vanquished Creatures
  A troll (D:9)
  A steam dragon (D:8)
  A hill giant skeleton (D:9)
  2 ice beasts
  4 sky beasts
  3 boring beetles (D:9)
  4 phantoms
  2 ogres (D:4)
  Sigmund (D:5)
  3 centaurs
  An elf zombie (Ossuary)
  A crocodile (D:9)
  6 giant frogs
  A troll skeleton (D:8)
  4 killer bees (D:7)
  2 quasits
  2 gnoll shamans
  5 hounds
  2 goliath beetles
  2 centaur zombies
  A human zombie (Ossuary)
  2 crimson imps (D:6)
  3 orc priests
  4 jellies
  Crazy Yiuf (D:6)
  A centaur skeleton (D:4)
  An orange rat (D:7)
  3 scorpions
  8 orc wizards
  3 iguanas
  8 worker ants
  A big kobold zombie (Ossuary)
  A sky beast zombie (D:6)
  2 ogre skeletons
  A big kobold skeleton (D:9)
  Terence (D:3)
  2 mummies (Ossuary)
  13 gnolls
  9 adders
  4 green rats (D:7)
  A worm zombie (D:6)
  5 worms
  2 adder zombies
  A giant eyeball (D:7)
  3 giant geckos
  2 oozes
  25 orcs
  13 bats
  4 giant cockroaches
  21 goblins
  15 hobgoblins
  19 jackals
  3 quokkas
  6 giant newts
  2 goblin zombies (Ossuary)
  A hobgoblin skeleton (D:9)
  10 hobgoblin zombies (Ossuary)
  2 jackal zombies (Ossuary)
  12 kobolds
  11 kobold zombies (Ossuary)
  7 orc zombies (Ossuary)
  A quokka zombie (D:5)
  32 rats
  A rat skeleton (D:4)
  A fungus (D:6)
317 creatures vanquished.

Vanquished Creatures (others)
  3 giant spores (D:8)
3 creatures vanquished.

Grand Total: 320 creatures vanquished

Notes
Turn   | Place    | Note
--------------------------------------------------------------
     0 | D:1      | Kae, the Naga Gladiator, began the quest for the Orb.
     0 | D:1      | Reached XP level 1. HP: 19/19 MP: 1/1
   382 | D:1      | Reached XP level 2. HP: 23/26 MP: 2/2
   921 | D:1      | Reached skill level 4 in Polearms
   997 | D:1      | Reached XP level 3. HP: 25/32 MP: 3/3
  1348 | D:2      | Found a shimmering altar of Xom.
  1348 | D:2      | Found a shimmering altar of Xom.
  1349 | D:2      | Found a shimmering altar of Xom.
  1349 | D:2      | Found a shimmering altar of Xom.
  1350 | D:2      | Found a shimmering altar of Xom.
  1350 | D:2      | Found a shimmering altar of Xom.
  1831 | D:2      | Reached XP level 4. HP: 34/39 MP: 4/4
  2391 | D:3      | Reached skill level 5 in Polearms
  2900 | D:3      | Found a blossoming altar of Fedhas.
  2928 | D:3      | Noticed Terence
  3246 | D:3      | Reached XP level 5. HP: 30/45 MP: 5/5
  3412 | D:3      | Killed Terence
  3540 | D:4      | Found a sand-covered staircase.
  3562 | Ossuary  | Entered an ossuary
  4099 | Ossuary  | Reached skill level 6 in Polearms
  4324 | Ossuary  | Reached XP level 6. HP: 24/52 MP: 6/6
  4517 | Ossuary  | Reached skill level 7 in Polearms
  4995 | D:4      | Noticed a phantom
  5124 | D:4      | Killed a phantom
  5293 | D:4      | Found a shattered altar of Ashenzari.
  5322 | D:4      | Reached XP level 7. HP: 48/60 MP: 7/7
  5372 | D:4      | Reached skill level 8 in Polearms
  5384 | D:4      | Noticed a phantom
  5438 | D:5      | Entered Level 5 of the Dungeon
  5877 | D:4      | Noticed an ogre
  6151 | D:4      | Killed an ogre
  6227 | D:4      | Killed a phantom
  6227 | D:4      | Reached skill level 9 in Polearms
  6431 | D:4      | Noticed an ogre
  6438 | D:4      | Killed an ogre
  6438 | D:4      | Reached XP level 8. HP: 67/67 MP: 8/8
  6693 | D:4      | Reached skill level 10 in Polearms
  7279 | D:4      | Found an iron altar of Okawaru.
  8353 | D:5      | Noticed a moth of wrath
  8355 | D:5      | Noticed Sigmund
  8356 | D:5      | Found a bloodstained altar of Trog.
  8374 | D:5      | Killed Sigmund
  8587 | D:6      | Reached skill level 11 in Polearms
  9253 | D:6      | Reached XP level 9. HP: 73/73 MP: 9/9
  9291 | D:6      | Noticed Crazy Yiuf
  9302 | D:6      | Killed Crazy Yiuf
  9733 | D:6      | Found a staircase to the Ecumenical Temple.
  9803 | Temple   | Entered the Ecumenical Temple
  9864 | Temple   | Became a worshipper of Cheibriados the Contemplative
 10274 | D:7      | Reached skill level 12 in Polearms
 10397 | D:7      | Got a transparent helmet
 10401 | D:7      | Identified the +1 helmet of the Untouchables {rF+ Str+2 SInv} (You found it on level 7 of the Dungeon)
 11014 | D:7      | Paralysed by a giant eyeball for 2 turns
 11132 | D:8      | Reached skill level 1 in Invocations
 12046 | D:8      | Reached skill level 13 in Polearms
 12261 | D:8      | Acquired Cheibriados' first power
 12506 | D:8      | Reached XP level 10. HP: 80/80 MP: 16/16
 12967 | D:9      | Noticed a hill giant
 13093 | D:9      | Reached skill level 1 in Armour
 13543 | D:9      | Acquired Cheibriados' second power
 13951 | D:9      | Reached skill level 5 in Invocations
 14253 | D:9      | Noticed a four-headed hydra
 14286 | D:9      | Found a staircase to the Lair.
 14680 | D:9      | Found a burning altar of Makhleb.
 15121 | D:9      | Slain by a hill giant

Action                   |  1- 3 |  4- 6 |  7- 9 | 10-12 || total
-------------------------+-------+-------+-------+-------++-------
Melee: Trident           |   157 |   376 |   864 |   226 ||  1623
Throw: Throwing net      |       |     3 |     2 |       ||     5
Invok: Bend Time         |       |       |       |     1 ||     1
       Slouch            |       |       |       |     1 ||     1
       Temporal Distorti |       |       |       |     1 ||     1
 Abil: Spit Poison       |       |     1 |    22 |    12 ||    35
Evoke: Wand              |       |       |     1 |     4 ||     5
  Use: Scroll            |       |    10 |     8 |     3 ||    21
       Potion            |       |       |     7 |       ||     7
 Stab: Held in net/web   |       |     1 |     1 |       ||     2
       Distracted        |       |     1 |       |       ||     1
       Sleeping          |       |       |     1 |     3 ||     4
